 Dungeon Crawl Stone Soup version 0.30-a0-782-ge64f9170bb (webtiles) character file.

Game seed: 14860045824127972422

7206 Zonian the Slicer (level 11, -2/63 HPs)
             Began as a Vine Stalker Brigand on Feb 18, 2023.
             Was a Priest of Ashenzari.
             Slain by Grum
             ... wielding a +0 spear
              (7 damage)
             ... on level 10 of the Dungeon.
             The game lasted 00:43:52 (10291 turns).

Zonian the Slicer (Vine Stalker Brigand)           Turns: 10291, Time: 00:43:53

Health: -2/63      AC:  7    Str: 10    XL:     11   Next: 11%
Magic:  0/19       EV: 15    Int: 11    God:    Ashenzari [***...]
Gold:   398        SH:  0    Dex: 26    Spells: 17/20 levels left

rFire   . . .      SeeInvis +    H - +4 short sword "Cryptic Urgency" {speed, rC++ Str-4 SInv, Comp, Melee} (curse)
rCold   + + .      Faith    .    (no shield)
rNeg    . . .      Spirit   +    F - +0 leather armour of the Eternal Polytheism {Elem, Bglg} (curse)
rPois   .          Reflect  .    (no helmet)
rElec   .          Harm     .    c - +1 cloak of the Lashed Doubts {Bglg, Comp} (curse)
rCorr   .          Rampage  .    Q - +0 pair of gloves of the Curse-Bearer {Alch, Self} (curse)
Will    +....      Clarity  +    x - +0 pair of boots of the Unyielding Gaze {Alch, Range} (curse)
Stlth   ++++                     L - amulet of the acrobat
HPRegen 1.10/turn                R - +6 ring of dexterity
MPRegen 0.16/turn                (no ring)

@: no status effects
A: fangs 3, regeneration 1, magic shield, antimagic bite, no potion heal 2
a: Renounce Religion, Shatter the Chains


You were on level 10 of the Dungeon.
You worshipped Ashenzari.
Ashenzari was most pleased with you.
You visited 2 branches of the dungeon, and saw 11 of its levels.
You also visited: Sewer.

You collected 762 gold pieces.
You spent 364 gold pieces at shops.

Inventory:

Hand Weapons
 a - a +2 dagger of freezing
 l - a +1 sling of draining
 s - a +2 long sword of protection
 t - a +3 hand axe
 y - a +0 whip of electrocution
 A - a +1 dagger of draining
 H - the cursed +4 short sword "Cryptic Urgency" (weapon) {speed, rC++ Str-4 SInv, Comp, Melee}
   (You found it on level 7 of the Dungeon)

   Str:       It affects your strength (-4).
   rC:        It greatly protects you from cold.
   SInv:      It lets you see invisible.
   It has a curse which improves the following skills: Companions: Summonings
   and Necromancy.
   Melee Combat: Short Blades, Long Blades, Axes, Maces & Flails, Polearms,
   Staves and Unarmed Combat.
 M - a -1 demon whip of venom
Missiles
 E - 13 poisoned darts (quivered)
 K - 2 curare-tipped darts
 P - a javelin
Armour
 b - a +0 robe
 c - the cursed +1 cloak of the Lashed Doubts (worn) {Bglg, Comp}

   It has a curse which improves the following skills: Beguiling: Conjurations,
   Hexes and Translocations.
   Companions: Summonings and Necromancy.
 x - the cursed +0 pair of boots of the Unyielding Gaze (worn) {Alch, Range}
   (You found it on level 5 of the Dungeon)

   It has a curse which improves the following skills: Alchemy: Poison Magic and
   Transmutations.
   Ranged Combat: Ranged Weapons and Throwing.
 F - the cursed +0 leather armour of the Eternal Polytheism (worn) {Elem, Bglg}
   (You took it off an orc on level 6 of the Dungeon)

   It has a curse which improves the following skills: Elements: Fire Magic, Ice
   Magic, Air Magic and Earth Magic.
   Beguiling: Conjurations, Hexes and Translocations.
 I - a +0 leather armour of willpower
 N - a scarf of shadows
 Q - the cursed +0 pair of gloves of the Curse-Bearer (worn) {Alch, Self}
   (You found it on level 10 of the Dungeon)

   It has a curse which improves the following skills: Alchemy: Poison Magic and
   Transmutations.
   Introspection: Fighting and Spellcasting.
Jewellery
 C - a ring of fire
 L - an amulet of the acrobat (around neck)
 R - a +6 ring of dexterity (left hand)
Wands
 B - a wand of mindburst (17)
 O - a wand of flame (4)
Scrolls
 f - 4 scrolls of teleportation
 g - a scroll of blinking
 i - a scroll of silence
 j - a scroll of immolation
 k - a scroll of fear
 v - a scroll of amnesia
 z - 2 scrolls of magic mapping
 G - 4 scrolls of poison
Potions
 d - a potion of flight
 e - a potion of haste
 h - a potion of berserk rage
 m - a potion of brilliance
 n - 4 potions of attraction
 o - 6 potions of curing
 p - 2 potions of magic
 q - 7 potions of mutation
 r - 2 potions of invisibility
 u - a potion of degeneration
 w - 4 potions of cancellation
 J - a potion of lignification


   Skills:
 + Level 8.3(10.0) Fighting
 - Level 8.7(10.3) Short Blades
 - Level 4.0(5.4) Throwing
 - Level 5.0 Dodging
 - Level 8.0 Stealth
 + Level 3.5(5.0) Spellcasting
 + Level 5.3(6.9) Air Magic


You had 17 spell levels left.
You knew the following spells:

 Your Spells              Type           Power      Damage    Failure   Level
a - Swiftness             Air            18%        N/A       4%          3

Your spell library contained the following spells:

 Spells                   Type           Power      Damage    Failure   Level
 Shock                    Conj/Air       40%        1d5       7%          1
 Airstrike                Air            9%         2d(2-18)  17%         4
 Beastly Appendage        Tmut           6%         N/A       26%         1
 Lesser Beckoning         Tloc           6%         N/A       36%         2
 Wereblood                Tmut           3%         N/A       36%         2
 Gell's Gravitas          Tloc           3%         N/A       61%         3
 Spider Form              Tmut/Pois      3%         N/A       61%         3
 Teleport Other           Tloc           3%         N/A       61%         3


Dungeon Overview and Level Annotations

Branches:
Dungeon (10/15)            Temple (1/1) D:4           Sewer (visited)
   Lair: D:8-11         Orc: D:9-12

Altars:
Ashenzari
Cheibriados
Dithmenos
Elyvilon
Fedhas
Gozag
Hepliaklqana
Kikubaaqudgha
Makhleb
Nemelex Xobeh
Okawaru
Qazlal
Ru
Sif Muna
Trog
Uskayaw
Vehumet
Wu Jian
Xom
Yredelemnul
Zin
The Shining One

Shops:
D:6 !

Annotations:
D:5 Dowan, Duvessa, Prince Ribbit
D:10 Grum


Innate Abilities, Weirdness & Mutations

You have razor-sharp teeth.
Your natural rate of healing is unusually fast.
When hurt, damage is shared between your health and your magic reserves.
Your bite disrupts and absorbs the magic of your enemies.
Potions cannot restore your health.


Message History

The wolf closely misses you.
Grum lets out an intimidating howl.
Grum hits you with a +0 spear!
* * * LOW HITPOINT WARNING * * *
The wolf attacks as you move away! The wolf bites you but does no damage.
The wolf closely misses you.
The wolf bites you but does no damage. x2
Grum misses you.
You hit the wolf. Your bite misses the wolf.
The wolf is almost dead.
You hit the wolf.
The wolf is almost dead.
The wolf completely misses you. The wolf misses you.
You closely miss the wolf.
The wolf is almost dead.
You hit the wolf.
You kill the wolf!
The wolf bites you but does no damage. Grum completely misses you.
Aiming: Mindburst
Press: ? - help, Shift-Dir - straight line, f - wolf
Aim: a wolf (heavily wounded, chance to affect: 64%)
Okay, then.
Aiming: Quicksilver Bolt
Press: ? - help, Shift-Dir - straight line, f - wolf
Aim: a wolf (heavily wounded, 53% to hit)
The bolt of dispelling energy hits the wolf!
You kill the wolf!
The now-empty wand crumbles to dust.
Grum barely misses you. Grum hits you with a +0 spear!!
* * * LOW HITPOINT WARNING * * *
There is an open door, spattered with blood here.
You see here a wolf corpse.
You hit Grum. You bite Grum, but do no damage.
Grum is moderately wounded.
You hit Grum but do no damage. You bite Grum. You drain his power.
You feel invigorated.
Grum is heavily wounded.
You hit Grum.
Grum is severely wounded.
Grum hits you with a +0 spear!
You die...

, ##### #..........(... ,
, .....* #..............
, .....####
#.............. ,
.....<..........###'###
,,.....#+##+#+##.#......
#...#.......#.'...... ,
#...#.......#.#....<. , ,
#...#g......#.#...... , *
#...@.......#.#...... *
#...#.......#.#......
#...#.......#.#......
#####...#####...#.#......
,, , ............#
..#.####### *
............#####........
*
...............§.§§......
................§P§~~~...
*
..............§.§§§§~....


You could see Grum.

Vanquished Creatures
  Amaemon (D:8)
  Pikel (D:8)
  A centaur zombie (D:10)
  Joseph (D:7)
  Maurice (D:9)
  An orange demon (D:8)
  A kobold demonologist (D:9)
  Psyche (D:8)
  A hornet (D:9)
  A shadow (D:9)
  3 yaks (D:9)
  Eustachio (D:4)
  A steam dragon (D:8)
  Edmund (D:5)
  4 black bears
  An orc warrior (D:9)
  4 ogres
  3 wolves (D:10)
  A lemure (D:8)
  3 kobold brigands (D:9)
  3 scorpions
  6 bullfrogs
  12 wights
  4 howler monkeys
  4 jellies
  5 orc priests
  A gnoll bouda (D:6)
  2 iguanas (D:5)
  Ijyb (D:3)
  4 orc wizards
  A howler monkey zombie (D:10)
  7 gnolls (D:6)
  7 river rats (Sewer)
  9 adders
  2 worms
  2 dart slugs
  36 orcs
  4 bats
  4 endoplasms
  3 giant cockroaches
  10 goblins
  4 hobgoblins
  2 jackals (D:1)
  8 kobolds
  2 quokkas
  17 ball pythons
  2 frilled lizards
  23 rats
217 creatures vanquished.

Notes
Turn   | Place    | Note
-------+----------+-------------------------------------------
     0 | D:1      | Zonian the Vine Stalker Brigand began the quest for the
                  | Orb.
     0 | D:1      | Reached XP level 1. HP: 11/11 MP: 2/2
   158 | D:1      | Reached skill level 1 in Dodging
   158 | D:1      | Reached XP level 2. HP: 12/15 MP: 3/3
   220 | D:1      | Reached skill level 5 in Stealth
   743 | D:2      | Reached XP level 3. HP: 18/18 MP: 4/4
   748 | D:2      | Found a faded altar of an unknown god.
  1220 | D:2      | Gained mutation: Your natural rate of healing is unusually
                  | fast. [Vine Stalker growth]
  1220 | D:2      | Reached XP level 4. HP: 23/23 MP: 5/5
  1397 | D:3      | Noticed Ijyb
  1403 | D:3      | Killed Ijyb
  1565 | D:3      | Found a radiant altar of Vehumet.
  1566 | D:3      | Found a bloodstained altar of Trog.
  2202 | D:4      | Found a staircase to the Ecumenical Temple.
  2219 | Temple   | Entered the Ecumenical Temple
  2331 | D:4      | Reached XP level 5. HP: 27/27 MP: 6/6
  2358 | D:4      | Found a glowing drain.
  2363 | Sewer    | Entered a sewer
  2876 | Sewer    | Reached XP level 6. HP: 32/32 MP: 7/7
  3556 | D:4      | Noticed Eustachio
  3568 | D:4      | Killed Eustachio
  3569 | D:4      | Reached XP level 7. HP: 36/36 MP: 8/8
  3681 | D:4      | Found a broken altar of Ashenzari.
  3681 | D:4      | Found a glowing golden altar of the Shining One.
  3687 | D:4      | Found an opulent altar of Gozag.
  3689 | D:4      | Became a worshipper of Ashenzari the Shackled
  3692 | D:4      | Found a sacrificial altar of Ru.
  3694 | D:4      | Found an ancient bone altar of Kikubaaqudgha.
  3697 | D:4      | Found a sparkling altar of Nemelex Xobeh.
  3701 | D:4      | Found a hazy altar of Hepliaklqana.
  4048 | D:4      | Found a snail-covered altar of Cheibriados.
  4107 | D:4      | Found a burning altar of Makhleb.
  4138 | D:5      | Entered Level 5 of the Dungeon
  4149 | D:5      | Noticed Duvessa
  4156 | D:5      | Noticed Dowan
  4964 | D:5      | Gained mutation: You have razor-sharp teeth. [Vine Stalker
                  | growth]
  4964 | D:5      | Reached XP level 8. HP: 17/42 MP: 4/9
  4969 | D:5      | Noticed Edmund
  4994 | D:5      | Killed Edmund
  5125 | D:5      | Noticed Prince Ribbit
  5404 | D:6      | Found Yvo Xike's Distillery.
  5409 | D:6      | Bought a potion of curing for 39 gold pieces
  5409 | D:6      | Bought a potion of invisibility for 104 gold pieces
  5409 | D:6      | Bought 2 potions of curing for 78 gold pieces
  5409 | D:6      | Bought a potion of curing for 39 gold pieces
  5409 | D:6      | Bought a potion of magic for 104 gold pieces
  5985 | D:6      | Reached skill level 5 in Fighting
  5985 | D:6      | Reached skill level 5 in Short Blades
  5993 | D:6      | Reached * piety under Ashenzari
  6306 | D:6      | Reached XP level 9. HP: 44/45 MP: 10/10
  6754 | D:6      | Reached ** piety under Ashenzari
  6969 | D:7      | Noticed Joseph
  7221 | D:7      | Identified the +4 short sword of the Lusting Gods {speed,
                  | rC++ Str-4 SInv}
  7689 | D:7      | Killed Joseph
  8223 | D:8      | Noticed Pikel
  8487 | D:8      | Reached XP level 10. HP: 53/53 MP: 11/11
  8491 | D:8      | Learned a level 3 spell: Swiftness
  8517 | D:8      | Noticed Psyche
  8651 | D:8      | Killed Pikel
  8652 | D:8      | Reached skill level 1 in Air Magic
  8776 | D:8      | Noticed Amaemon
  8850 | D:8      | Killed Amaemon
  8858 | D:8      | Killed Psyche
  8859 | D:8      | Noticed an orange demon
  9066 | D:8      | Killed an orange demon
  9137 | D:8      | Noticed a two-headed ogre
  9225 | D:9      | Reached skill level 5 in Dodging
  9566 | D:9      | Noticed Maurice
  9572 | D:9      | Killed Maurice
  9573 | D:9      | Reached skill level 1 in Spellcasting
  9910 | D:9      | Noticed a kobold demonologist
  9948 | D:9      | Killed a kobold demonologist
  9959 | D:9      | Reached XP level 11. HP: 28/60 MP: 13/16
 10061 | D:10     | Entered Level 10 of the Dungeon
 10159 | D:10     | Reached *** piety under Ashenzari
 10227 | D:10     | Reached skill level 5 in Air Magic
 10263 | D:10     | Noticed Grum
 10291 | D:10     | Slain by Grum

Illustrated notes

Levels and vault maps discovered:
D:1:      wander_arrival_fairy_ring, layout_basic
D:2:      layout_basic, basic_ecumenical_altar
D:3:      layout_loops_ring, mainiacjoe_overflow_divided_tiny, uniq_ijyb
D:4:      layout_rooms, nicolae_overflow_hallway_of_the_gods,
          mainiacjoe_overflow_two_lobes, minmay_temple_entry_drinking_statues,
          gup_sewer_entry_bowl, nrook_uturn, uniq_eustachio
D:5:      layout_basic, uniq_prince_ribbit1, uniq_edmund, uniq_duvessa
D:6:      layout_gridville, serial_shops, kennysheep_little_box,
          minmay_misc_feat_diagonals
D:7:      layout_gridville, uniq_joseph
D:8:      minmay_the_grid_triangle_9x9_rhombus_full
          [minmay_the_grid_triangle_9x9_semitri,
          minmay_the_grid_triangle_9x9_minimal,
          minmay_the_grid_triangle_9x9_shrine,
          minmay_the_grid_triangle_9x9_negative_grid,
          minmay_the_grid_triangle_9x9_windchime,
          minmay_the_grid_triangle_9x9_fully_insulated_deathbox,
          minmay_the_grid_triangle_9x9_intruding_spiral,
          minmay_the_grid_triangle_9x9_prize_insulated], layout_basic,
          uniq_psyche, uniq_pikel, uniq_amaemon
D:9:      layout_long_grid, uniq_maurice
D:10:     layout_irregular_city, lair_entry_dummy,
          kennysheep_orc_monster_closet_entryway, serial_undead,
          serial_undead_d, serial_undead_c, serial_undead_f, serial_undead_e,
          uniq_grum
Temple:   jpeg_temple_clearing

Skill      XL: |  1  2  3  4  5  6  7  8  9 10 11 |
---------------+----------------------------------+-----
Dodging        | 1 2 3 5 |  5.0
Stealth        | 5 6 7 8 |  8.0
Fighting       | 2 3 4 5 6 8 |  8.3
Short Blades   | 2 3 4 5 8 |  8.7
Throwing       | 2 3 4 |  4.0
Air Magic      | 4 5 |  5.3
Spellcasting   | 2 3 |  3.5

Action                     |  1- 3 |  4- 6 |  7- 9 | 10-12 || total
---------------------------+-------+-------+-------+-------++-------
  Melee: Dagger            |    71 |   209 |   226 |       ||   506
         Bite              |    13 |    51 |   124 |    82 ||   270
         Punch             |       |     2 |     5 |     6 ||    13
         Short sword       |       |       |    99 |   184 ||   283
  Throw: Dart              |       |    17 |    25 |    14 ||    56
         Javelin           |       |       |    10 |     3 ||    13
 Invoke: Curse Item        |       |       |     4 |     1 ||     5
  Evoke: Wand              |       |     1 |    11 |     7 ||    19
    Use: Scroll            |       |    13 |    11 |       ||    24
         Potion            |       |       |       |     1 ||     1
   Stab: Sleeping          |     8 |    13 |    11 |     4 ||    36
         Invisible         |       |       |       |     1 ||     1
 Armour: Robe              |    14 |    52 |    29 |       ||    95
         Leather armour    |       |       |    15 |    26 ||    41
  Dodge: Dodged            |    32 |   164 |   123 |    76 ||   395

Table legend: (Time is in decaauts)
 A = Elapsed time spent in this place.
 B = Non-inter-level travel time spent in this place.
 C = Inter-level travel time spent in this place.
 D = Time resting spent in this place.
 E = Time spent auto-exploring this place.
 F = Levels seen in this place.
 G = Mean time per level.
                   A        B        C        D        E       F      G
               +--------+--------+--------+--------+--------+-----+--------+
         Total |  10076 |   9712 |    364 |   1921 |   3589 |  12 |  839.7 |
       Dungeon |   9150 |   8799 |    351 |   1538 |   3458 |  10 |  915.0 |
        Temple |     92 |     79 |     13 |      0 |     68 |   1 |   92.0 |
         Sewer |    833 |    833 |      0 |    383 |     63 |   1 |  833.0 |
               +--------+--------+--------+--------+--------+-----+--------+

Top non-repeatable levels by time:
     D:6: 1507 daAuts
     D:4: 1487 daAuts
     D:7: 1143 daAuts
     D:8: 1001 daAuts
     D:9: 848 daAuts
   Sewer: 833 daAuts
     D:5: 820 daAuts
     D:3: 795 daAuts
     D:2: 695 daAuts
     D:1: 693 daAuts
    D:10: 156 daAuts
  Temple: 92 daAuts
